[Event "Late-Titled-Tuesday-Blitz-October-24-2023"]
[Site "Chess.com"]
[Date "2023.10.24"]
[Round "2"]
[White "venturov"]
[Black "emiliochess"]
[Result "1/2-1/2"]
[WhiteElo "2516"]
[BlackElo "2318"]
[TimeControl "180+1"]
[EndTime "14:19:59 PDT"]
[Termination "Game drawn by repetition"]

1. e4 c5 2. Nf3 Nc6 3. d4 cxd4 4.
Nxd4 d6 5. Nc3 Nf6 6. Bc4 e5 7. Nde2 a6 8. a4 Be7 9. O-O O-O 10. Bg5 Be6 11. Bxf6 Bxc4 12. Bxe7 Qxe7 13. Re1 f5 14.
Ng3 fxe4 15. Ngxe4 Rad8 16. Qh5 d5 17. Ng3 d4 18.
Nce4 Bd5 19. Rad1 Bf7 20. Qe2 Qb4 21. b3 Bg6 22. Ng5 Qc5 23. Ne6 Qxc2 24. Nxd8 Qxe2 25. Rxe2 Rxd8 26. f3 Rd5 27. Ne4 Bxe4 28. Rxe4 Rc5 29. f4 exf4 30. Rxf4 g5 31. Rg4 Kf7 32. h4 h6 33.
hxg5 hxg5 34. Rg3 Kf6 35. b4 Rc4 36. b5 axb5 37. axb5 Ne5 38. Ra3 Rb4 39. Ra7 Rxb5 40. Rxd4 g4 41. Rf4+ Kg5 42. Rf1 g3 43. Ra8 Ng6 44. Rg8 Re5 45. Rb1 b5 46. Rb8 Nf4 47. R8xb5 Rxb5 48. Rxb5+ Kg4 49. Kf1 Kh4 50. Rb4 Kg5 51.
Ra4 Kf5 52. Ra5+ Kg4 53. Ra3 Kh4 54. Rf3 Kg4 55. Kg1 Ne2+ 56. Kf1 Nf4 57. Ra3 Kh4 58. Ra8 Kg4 59. Rh8 Kg5 60. Rg8+ Kh4 61. Rg7 Nh5 62.
Rh7 Kg4 63. Ke1 Nf4 64. Rg7+ Kh4 65. Rh7+ Kg4 66. Kf1 Nh5 67. Rh8 Nf4 68. Ra8 Kf5 69. Ra3 Kg4 70. Rf3 Nh5 71. Ra3 Nf4 72. Ra4 Kg5 73. Ra5+ Kg4 74. Ra4 Kg5 75. Ra5+ Kg4 1/2-1/2

[Event "Late-Titled-Tuesday-Blitz-October-24-2023"]
[Site "Chess.com"]
[Date "2023.10.24"]
[Round "2"]
[White "DopplerCharlotteDeWitte"]
[Black "Agent-JL"]
[Result "0-1"]
[WhiteElo "2773"]
[BlackElo "2572"]
[TimeControl "180+1"]
[EndTime "14:20:00 PDT"]
[Termination "Agent-JL won on time"]

1. e4 c5 2. Nf3 e6 3. d4 cxd4 4. Nxd4 Nc6 5. Nc3 Qc7 6. Ncb5 Qb8 7. Bd3 a6 8. Nxc6 bxc6 9. Nc3 d5 10. O-O Nf6 11.
Qe2 Be7 12. b3 O-O 13. Kh1 a5 14. f4 Nd7 15. Na4 Re8 16. c4 Bb7 17. Bb2 Bf6 18. e5 Be7 19. f5 exf5 20. Bxf5 Nf8 21. Rad1 Bf6 22. Rde1 Qc7 23. Nc5 Be7 24. Nxb7 Qxb7 25. cxd5 cxd5 26. e6 f6 27. Qg4 Qb4 28. Qg3 Bd6 29.
Qd3 Rad8 30. Bh3 Qh4 31. Qd4 Qxd4 32. Bxd4 Bb4 33. Re2 Re7 34. Rd1 Ng6 35. g3 Rc8 36. Bg2 Rd8 37. Bb6 Rd6 38. Bg1 Nf8 39. Rxd5 Rdxe6 40.
Rxe6 Nxe6 41. Rb5 Kf7 42. Bd5 Rd7 43. Kg2 Ke7 44. Kf3 Nc7 45. Bc6 Nxb5 46. Bxb5 Rd2 47. a4 Rd1 48. Bf2 Rb1 49. Bc4 Rb2 50. h4 g6 51. g4 Rc2 52. Be3 Rc3 53. Ke4 Rc2 54. Kf3 Rh2 55. Bf2 Rh1 56. Kg2 Rd1 57. Kf3 Rd8 58.
Be3 Rc8 59. h5 Bc5 60. Bf4 Bd6 61. Be3 Be5 62. hxg6 hxg6 63. Bb6 Bc3 0-1

[Event "Late-Titled-Tuesday-Blitz-October-24-2023"]
[Site "Chess.com"]
[Date "2023.10.24"]
[Round "2"]
[White "Chempiblinka"]
[Black "ExchangeAB"]
[Result "0-1"]
[WhiteElo "2315"]
[BlackElo "2527"]
[TimeControl "180+1"]
[EndTime "14:20:07 PDT"]
[Termination "ExchangeAB won by checkmate"]

1. Nf3 d5 2. g3 Nf6 3. Bg2 c6 4. c4 dxc4 5. O-O e6 6. Na3 Bxa3 7. bxa3 b5 8. a4 Bb7 9. Ba3 Nd5 10. e4 Ne7 11. Ne5 O-O 12. Qh5 Nd7 13. Ng4 Re8 14. e5 g6 15. Nh6+ Kg7 16. Qh3 Nf5 17. Ng4 h5 18.
Ne3 Qb6 19. Bb2 Kg8 20. Nxf5 exf5 21. Rae1 Re6 22. Bc3 b4 23. Rb1 c5 24. Ba1 Bxg2 25.
Qxg2 Qc6 26. Qh3 Rae8 27. f4 a5 28. Qh4 Qd5 29. Rf2 Kg7 30. Qg5 Nb6 31. h3 Qd8 32. Qxd8 Rxd8 33. g4 hxg4 34. hxg4 fxg4 35. f5 gxf5 36.
Rxf5 Rxd2 37. Rg5+ Kf8 38. Rxg4 c3 39. Rf1 Ke8 40.
Rg8+ Kd7 41. Rxf7+ Re7 42. Rf1 Nd5 43. Ra8 Rxe5 44.
Ra7+ Ke6 45. Ra6+ Kd7 46. Ra7+ Kc6 47. Ra6+ Kb7 48. Rg6 Rde2 49. Rg7+ Re7 50. Rxe7+ Rxe7 51. Kf2 Rd7 52. Ke2 Kc6 53. Rf2 Re7+ 54. Kf3 Rf7+ 55.
Kg2 Rxf2+ 56. Kxf2 c4 57. Ke1 Kc5 58. Kd1 Kd4 59. Kc2 Ne3+ 60. Kc1 Kd3 61. a3 b3 62. Kb1 b2 63. Bxb2 cxb2 64. Kxb2 Kd2 65. Kb1 c3 66. Ka1 c2 67. Ka2 c1=Q 68. Kb3 Qc3+ 69. Ka2 Qc2+ 70. Ka1 Qc8 71. Ka2 Qb8 72. Ka1 Kc2 73. Ka2 Qb2# 0-1

[Event "Late-Titled-Tuesday-Blitz-October-24-2023"]
[Site "Chess.com"]
[Date "2023.10.24"]
[Round "2"]
[White "Sjakkerntobi"]
[Black "BardArtem"]
[Result "0-1"]
[WhiteElo "2505"]
[BlackElo "2709"]
[TimeControl "180+1"]
[EndTime "14:20:09 PDT"]
[Termination "BardArtem won by resignation"]

1. e4 e5 2. Nf3 Nc6 3. Bc4 Bc5 4. c3 Nf6 5. d3 O-O 6. O-O d6 7. Re1 a5 8. Bb3 h6 9. h3 Ba7 10. Nbd2 Ne7 11. Nf1 Ng6 12. Ng3 c6 13. d4 Qc7 14.
Be3 Re8 15. dxe5 dxe5 16. Bxa7 Rxa7 17. Qc2 b5 18. a4 Qb6 19. Rad1 Rb7 20. Nf5 Rd7 21.
Nd6 Red8 22. Nxc8 Rxc8 23. Rxd7 Nxd7 24. Rd1 Nc5 25. Rd6 bxa4 26. Bxa4 Nxa4 27. Qxa4 Qxb2 28. Qxa5 Qc1+ 29. Kh2 Rb8 30. Rd8+ Rxd8 31. Qxd8+ Kh7 32. Qd2 Qb1 33. Qe3 Qc2 34. h4 f6 35. g3 Nf8 36.
Kg2 Ne6 37. Nd2 Qd1 38. Nc4 h5 39. Qf3 Qxf3+ 40. Kxf3 Kg6 41. Nd6 Nc5 42. Ke3 Na4 43. Kd3 Nb2+ 44. Kc2 Na4 45. Nb7 f5 46. exf5+ Kxf5 47. Kd3 Nb2+ 48. Kc2 Nc4 49. Kd3 Nb2+ 50. Ke3 Nd1+ 51.
Kd2 Nxf2 52. Nd8 Ne4+ 53. Kd3 c5 54. Nb7 Nxg3 55. Nxc5 Kf4 56. Ne6+ Kg4 57. Nxg7 Kxh4 58. c4 Kg5 59. Nxh5 Nxh5 60. Ke4 Kf6 61. c5 Ng7 62. c6 Ne6 63. Kd5 Nc7+ 64. Kd6 Na6 65. Kd5 Kf5 66.
Kc4 e4 67. Kc3 Kf4 68. Kd2 Kf3 69. Ke1 Ke3 70. Kd1 Kf2 71. Kd2 e3+ 0-1

[Event "Late-Titled-Tuesday-Blitz-October-24-2023"]
[Site "Chess.com"]
[Date "2023.10.24"]
[Round "2"]
[White "PushingpawnsNYC"]
[Black "Zhbugnoimt"]
[Result "1-0"]
[WhiteElo "2351"]
[BlackElo "2544"]
[TimeControl "180+1"]
[EndTime "14:20:15 PDT"]
[Termination "PushingpawnsNYC won by resignation"]

1. e4 c5 2. Nc3 Nc6 3. Bb5 Nd4 4. Nf3 e6 5. O-O a6 6. Bd3 Nc6 7. Re1 g5 8. h3 h5 9. Nh2 g4 10. hxg4 hxg4 11. Qxg4 Nf6 12. Qg3 Nh5 13. Qe3 Bd6 14. g3 b6 15. b3 Rg8 16. Nf1 Qh4 17. Ne2 Ne5 18. f4 Nxd3 19. cxd3 Nxf4 20. e5 Bb7 21. Nxf4 Bxe5 22. Kf2 Qh1 23. Qxe5 Qf3+ 24. Kg1 Rxg3+ 25.
Nxg3 Qxg3+ 26. Kf1 Qf3+ 27. Kg1 O-O-O 28. Qg5 Rh8 29. Ng2 Qh3 30. Re2 Qh1+ 31. Kf2 Rh2 32. Re4 f5 33. Qg8+ Kc7 34. Qg3+ d6 35. Bb2 Rxg2+ 36.
Qxg2 Qh6 37. Rh1 Qxd2+ 38. Re2 Qf4+ 39. Kg1 Bxg2 40. Kxg2 Qg4+ 41. Kf2 Qf4+ 42. Ke1 Kc6 43. Rf1 Qg3+ 44. Rff2 f4 45. Bf6 e5 46. Kd1 Qg1+ 47.
Kd2 Qg4 48. Bxe5 dxe5 49. Rxe5 Qg3 50. Ree2 Kb5 51. Rg2 Qf3 52. Rgf2 Qg4 53. Re4 Qf5 54. Rexf4 Qe5 55. a4+ Ka5 56. b4+ Kxa4 57. bxc5+ Kb3 58.
c6 Qc3+ 59. Ke2 Qxc6 60. d4 Qc4+ 61. Ke1 Qc1+ 62. Ke2 a5 63. d5 a4 64. Kd3 Qc3+ 65. Ke4 Qe1+ 66. Kf5 a3 67. R4f3+ Kc4 68. d6 Qd1 69. Ke6 Qd5+ 70. Ke7 Kb4 71. Rf4+ Ka5 72. Rf5 Qxf5 73. Rxf5+ Ka4 74. Rf4+ Kb3 75. Rf3+ Ka4 76. Rxa3+ Kxa3 77. d7 b5 78. d8=Q b4 79. Qa5+ Kb3 80. Kd6 Kc3 81. Kc5 1-0

[Event "Late-Titled-Tuesday-Blitz-October-24-2023"]
[Site "Chess.com"]
[Date "2023.10.24"]
[Round "2"]
[White "DvaHrasta"]
[Black "mind1mover"]
[Result "0-1"]
[WhiteElo "2483"]
[BlackElo "2821"]
[TimeControl "180+1"]
[EndTime "14:20:19 PDT"]
[Termination "mind1mover won on time"]

1. c4 e5 2. g3 Nc6 3. Bg2 h5 4. h3 Bc5 5. Nc3 d6 6. Nf3 a6 7. e3 Nf6 8. d4 Bb4 9. Bd2 Bf5 10. Qb3 Rb8 11. O-O-O Qe7 12. Nd5 Nxd5 13. cxd5 Bxd2+ 14.
Rxd2 Na7 15. dxe5 dxe5 16. e4 Bh7 17. Qc3 f6 18. Nh4 Nb5 19. Qc4 Nd6 20. Qb3 g5 21.
Nf5 Nxf5 22. exf5 Bxf5 23. Re1 Qc5+ 24. Kd1 Qd6 25. f4 O-O 26. fxe5 fxe5 27. Qe3 g4 28. h4 Rbe8 29. Rf1 e4 30. Rf4 Bg6 31. Rxf8+ Rxf8 32. Qg5 Rf5 33. Qh6 Rxd5 34. Rxd5 Qxd5+ 35. Ke1 Qd6 36. Kf2 Qf6+ 37. Kg1 Qb6+ 38. Kh2 Qd6 39. Qg5 Kh7 40. Qe3 Qe6 41. Qc3 c6 42. Qb4 b5 43.
Qa5 e3 44. Qc7+ Kh6 45. Qf4+ Kg7 46. Qc7+ Bf7 47. Bf1 e2 48. Bxe2 Qxe2+ 49. Kg1 Qe1+ 50. Kh2 Qf2+ 51. Kh1 Qf3+ 52. Kh2 Qe2+ 53. Kg1 Qe1+ 54.
Kh2 Qd2+ 55. Kg1 Qd1+ 56. Kh2 Qc2+ 57. Kg1 Qc1+ 58. Kh2 Qxb2+ 59. Kg1 Qb1+ 60. Kh2 Qxa2+ 61. Kg1 Qa1+ 62. Kh2 Qb2+ 63. Kg1 Qc1+ 64. Kh2 Qd2+ 65. Kg1 Qd1+ 66. Kh2 Qe2+ 67. Kg1 Qe1+ 68. Kh2 Qf2+ 69. Kh1 Qf6 70. Qb8 Bd5+ 71. Kg1 Qd4+ 72. Kf1 Qd1+ 73.
Kf2 Qd2+ 74. Kf1 Bc4+ 75. Kg1 Qe1+ 76. Kh2 Qf2+ 0-1

[Event "Late-Titled-Tuesday-Blitz-October-24-2023"]
[Site "Chess.com"]
[Date "2023.10.24"]
[Round "2"]
[White "Tonychess32"]
[Black "FM_Kappeler"]
[Result "1-0"]
[WhiteElo "2517"]
[BlackElo "2292"]
[TimeControl "180+1"]
[EndTime "14:20:19 PDT"]
[Termination "Tonychess32 won by resignation"]

1. e4 c5 2. Nf3 e6 3. c3 d5 4.
exd5 exd5 5. d4 Nc6 6. Bd3 Bd6 7.
O-O Nge7 8. Re1 O-O 9. dxc5 Bxc5 10. Nbd2 Re8 11. Nb3 Bb6 12. Bf4 Ng6 13. Rxe8+ Qxe8 14. Bg3 Bg4 15. h3 Bh5 16. Be2 Rd8 17. Qd2 Qe7 18. Re1 Qf6 19. Nfd4 Bxe2 20. Rxe2 h5 21. Nf3 h4 22.
Bh2 Nce7 23. Nbd4 Nf5 24. Re1 Nd6 25. Bxd6 Qxd6 26. Qg5 Bxd4 27. Nxd4 Qb6 28. b4 a5 29. a3 Rc8 30. Re3 axb4 31. axb4 Qa6 32. Qxd5 Qa1+ 33. Kh2 Qf1 34. Rf3 Rf8 35. Nf5 Qe2 36. Nd6 Qe5+ 37. Qxe5 Nxe5 38. Re3 Rd8 39. Nxb7 Rd7 40. Rxe5 Rxb7 41. Rc5 Kf8 42. g4 hxg3+ 43. Kxg3 Ke7 44.
Kf4 Kd6 45. Ke4 Re7+ 46. Kd3 Re6 47. Rh5 g6 48. Rh4 Rf6 49. Ke3 Kc6 50. Rf4 Re6+ 51. Kd3 f5 52. Rc4+ Kb6 53. Rd4 g5 54. Rd5 Rh6 55.
Rxf5 Rxh3+ 56. Kc4 g4 57. Rg5 Rf3 58. Rxg4 Rxf2 59. Rg6+ Kc7 60. Kb5 Rf5+ 61. Kc4 Rf4+ 62. Kb3 Rf3 63. Rg4 Rf5 64. Rd4 Kc6 65. Kc4 Rh5 66.
Rf4 Kb6 67. Rf6+ Kc7 68. Kb3 Rh4 69. b5 Rh5 70. c4 Kb7 71. Kb4 Rg5 72. Re6 Rh5 73.
Re4 Rg5 74. Rd4 Rh5 75. Rd5 Rg5 76. Rxg5 1-0

[Event "Late-Titled-Tuesday-Blitz-October-24-2023"]
[Site "Chess.com"]
[Date "2023.10.24"]
[Round "2"]
[White "Taylanruzgar"]
[Black "Iball95"]
[Result "1-0"]
[WhiteElo "2610"]
[BlackElo "2827"]
[TimeControl "180+1"]
[EndTime "14:20:26 PDT"]
[Termination "Taylanruzgar won by checkmate"]

1. Nf3 d5 2. c4 e6 3. b3 Nf6 4. Bb2 c5 5. e3 Nc6 6. cxd5 exd5 7. d4 cxd4 8. Nxd4 Bb4+ 9. Bc3 Bd6 10. Nd2 O-O 11.
Be2 Re8 12. O-O Bd7 13. Rc1 Rc8 14. h3 Qe7 15. N4f3 Rcd8 16. Bb2 Be6 17. Bb5 Rc8 18. Re1 Red8 19. Nd4 Nxd4 20. Bxd4 a6 21. Bd3 Ba3 22. Rxc8 Rxc8 23. Qf3 Bb4 24. Rd1 Nd7 25. Nf1 Bc5 26.
Ba1 Bd6 27. Ng3 Ne5 28. Bxe5 Bxe5 29. Qh5 Qf6 30. Qxh7+ Kf8 31. Nf5 g6 32. Qh6+ Kg8 33. Nh4 d4 34. Nf3 dxe3 35. Qxe3 Bb8 36. Be4 b5 37. Qe2 Re8 38. Qd3 Kg7 39. Re1 Rd8 40. Qe2 Bf4 41. Qf1 Qc3 42. g3 Bb8 43. Kg2 Ba7 44. h4 Qf6 45. Ng5 Bg4 46. Bf3 Bf5 47. Qe2 Rd7 48. Rd1 Re7 49. Qd2 Bc8 50. Re1 Rc7 51.
Qe2 Bb7 52. Bxb7 Rxb7 53. Qf3 Rc7 54. Qxf6+ Kxf6 55. Re2 a5 56. Ne4+ Kg7 57. Nd6 b4 58.
Ne8+ Kh6 59. Nxc7 Bb8 60. Nb5 f5 61. Re8 Ba7 62. Rh8+ Kg7 63. Ra8 Bc5 64. Rxa5 f4 65. gxf4 Be7 66. Kf3 Kf6 67. Ra7 g5 68. Ra6+ Kf5 69.
Nd4# 1-0

[Event "Late-Titled-Tuesday-Blitz-October-24-2023"]
[Site "Chess.com"]
[Date "2023.10.24"]
[Round "2"]
[White "Truequitos"]
[Black "NowInChess"]
[Result "1-0"]
[WhiteElo "2469"]
[BlackElo "2180"]
[TimeControl "180+1"]
[EndTime "14:20:26 PDT"]
[Termination "Truequitos won by resignation"]

1. c4 e5 2. b3 Nc6 3. Bb2 Nf6 4. e3 g6 5. Ne2 Bg7 6. g3 O-O 7. Bg2 d6 8. O-O Nh5 9. d4 Qe7 10. Nbc3 f5 11. Nd5 Qf7 12. Rc1 Kh8 13. Qc2 Be6 14.
Qb1 Nd8 15. Qa1 c6 16. Nb4 e4 17. d5 Bd7 18. dxc6 bxc6 19. Rfd1 Nb7 20. Bxg7+ Qxg7 21. Qxg7+ Kxg7 22. c5 d5 23. Nxd5 cxd5 24. c6 Bc8 25. cxb7 Bxb7 26. Rc7+ Rf7 27. Rdc1 Rf8 28. Nd4 Kf6 29.
Bf1 Rxc7 30. Rxc7 Rf7 31. Rxf7+ Kxf7 32. Nb5 Ke7 33. Nxa7 Nf6 34. Nb5 Kd7 35. Nd4 Ng4 36. Bb5+ Kd6 37. b4 Ne5 38. a4 Nc4 39. Bxc4 dxc4 40.
Kf1 c3 41. Ke2 Kd5 42. Kd1 Kc4 43. b5 Kb4 44. Kc2 Bd5 45. Ne2 Bb3+ 46. Kc1 Bxa4 47.
b6 Bc6 48. Nd4 Kc5 49. Ne6+ Kxb6 50. Kc2 Be8 51. Kxc3 Kc6 52. Kd4 Kd6 53. Nf4 g5 54. Nd5 Bf7 55. Nf6 h6 56. h4 Ke7 57. Ke5 Be6 58.
hxg5 hxg5 59. Nh7 g4 60. Ng5 Bd7 61. Nh7 Bc8 62. Nf6 Be6 63. Nh7 Bd7 64. Kf4 Kf7 65.
Kg5 Kg7 66. Nf6 Be6 67. Nh5+ Kf7 68. Nf4 Bd7 69. Nd5 Ke6 70. Nb6 Bc6 71. Nc4 Bd5 72.
Nd2 Ke5 73. Nb1 Ke6 74. Nc3 Bc6 75. Ne2 Ke5 76. Nf4 Bd7 77. Ng6+ Ke6 78. Nf8+ Ke7 79.
Nxd7 Kxd7 80. Kxf5 Ke7 81. Kxe4 Ke6 82. Kf4 Kf6 83. Kxg4 1-0

[Event "Late-Titled-Tuesday-Blitz-October-24-2023"]
[Site "Chess.com"]
[Date "2023.10.24"]
[Round "2"]
[White "Maitreia"]
[Black "twitchTriniCupid"]
[Result "1-0"]
[WhiteElo "2641"]
[BlackElo "2342"]
[TimeControl "180+1"]
[EndTime "14:20:31 PDT"]
[Termination "Maitreia won by checkmate"]

1. c4 e5 2. g3 Nf6 3. Bg2 c6 4. Nf3 e4 5. Nd4 Bc5 6. Nb3 Bb6 7. c5 Bc7 8. Nc3 d5 9. cxd6 Bxd6 10. Nxe4 Nxe4 11.
Bxe4 Bh3 12. e3 Qd7 13. d4 O-O 14. Nc5 Qc8 15. Bd2 Re8 16. Qc2 g6 17. O-O-O Nd7 18. Bb4 Nf6 19. Bd3 Nd5 20. Bd2 a5 21. a3 b6 22. Ne4 Be7 23. Nc3 Qb7 24. Nxd5 cxd5 25. Kb1 b5 26. Rc1 Rec8 27. Qb3 b4 28. Rxc8+ Rxc8 29. Rc1 Rxc1+ 30. Bxc1 Qc6 31. a4 Bd7 32. Bb5 Bf5+ 33. Bd3 Bxd3+ 34. Qxd3 Qxa4 35. b3 Qc6 36. Qc2 Qb5 37. f3 Kg7 38. e4 Bf6 39. Bb2 Qf1+ 40. Ka2 Qxf3 41. e5 Bg5 42. h4 Be3 43. Qd3 Qf2 44.
Qd1 Qxg3 45. h5 Qf4 46. Qd3 gxh5 47. Qc2 h4 48. Qg2+ Qg3 49. Qxd5 h3 50. e6 fxe6 51. Qxe6 Bd2 52. Qe7+ Kh6 53. Qf6+ Qg6 54. Qh4+ Qh5 55. Qf6+ Qg6 56. Qf8+ Qg7 57. Qf3 Bc3 58. Qxh3+ Kg6 59. Bxc3 bxc3 60. Qxc3 Qf6 61. Qd3+ Qf5 62. Qa6+ Qf6 63.
Qd3+ Qf5 64. Qd2 h5 65. d5 Qd7 66. d6 h4 67. Qd3+ Kg5 68. Qe3+ Kg4 69. Qe4+ Kg5 70.
Qe7+ Qxe7 71. dxe7 h3 72. e8=Q Kg4 73. Qh8 Kg3 74.
Ka3 Kg2 75. Ka4 h2 76. Kxa5 h1=Q 77. Qxh1+ Kxh1 78. b4 Kg2 79. b5 Kf3 80. b6 Ke4 81. b7 Kd5 82. b8=Q Kc6 83. Qb5+ Kc7 84. Kb4 Kc8 85. Qb6 Kd7 86. Kc5 Kc8 87. Qa7 Kd8 88.
Kd6 Kc8 89. Qa8# 1-0

[Event "Late-Titled-Tuesday-Blitz-October-24-2023"]
[Site "Chess.com"]
[Date "2023.10.24"]
[Round "2"]
[White "muchojogo"]
[Black "Nor1lsk"]
[Result "1-0"]
[WhiteElo "2545"]
[BlackElo "2721"]
[TimeControl "180+1"]
[EndTime "14:20:33 PDT"]
[Termination "muchojogo won by checkmate"]

1. e4 c5 2. Nf3 e6 3. Nc3 a6 4. d4 cxd4 5. Nxd4 Qc7 6. Be2 Nf6 7. O-O d6 8. Re1 Be7 9. Bf3 O-O 10. a4 Nbd7 11.
g3 Rb8 12. Bg2 b6 13. h3 Bb7 14. g4 Ne5 15. g5 Nfd7 16. f4 Nc4 17. Kh1 Rfe8 18.
Qh5 Nf8 19. f5 Qc5 20. Nb3 Qe5 21. Rf1 g6 22. Qg4 Ba8 23. f6 Bd8 24. Bf4 h5 25. Qg3 Nxb2 26. Bxe5 dxe5 27. Qxe5 Rc8 28. Rab1 Nc4 29.
Qg3 Bc7 30. Qf2 Be5 31. Ne2 Na3 32. Rbc1 Nd7 33. Rfd1 Nc5 34. Nxc5 Rxc5 35. Nd4 Rec8 36.
c3 Nc4 37. Nf3 Bf4 38. Rb1 Ne3 39. Nd4 Nxg2 40. Qxg2 Rxc3 41. Rxb6 Re3 42. Qb2 Bxe4+ 43. Kg1 Rxh3 44. Ne2 Be3+ 45. Kf1 Rh1+ 46. Ng1 Rxg1+ 47. Ke2 Rg3 48. Rb8 Rg2+ 49. Kxe3 Rxb2 50. Rxb2 Bd5 51. Rdb1 Kh7 52. Rb8 Rc3+ 53. Kd2 Rg3 54. Rf8 Rxg5 55. Rxf7+ Kh6 56. Rb8 Rf5 57. Rff8 Kg5 58. f7 e5 59.
Rbd8 Bxf7 60. Ke3 Be6 61. Rfe8 e4 62. Rxe6 Rf3+ 63. Kxe4 Rf4+ 64. Ke3 Rf5 65. Rdd6 Kh4 66. Rxg6 Ra5 67. Rd4+ Kh3 68. Rgd6 h4 69. R6d5 Rxd5 70. Rxd5 Kg3 71. Rg5+ Kh2 72. Kf2 h3 73. Rh5 a5 74.
Rh4 Kh1 75. Rxh3# 1-0

[Event "Late-Titled-Tuesday-Blitz-October-24-2023"]
[Site "Chess.com"]
[Date "2023.10.24"]
[Round "2"]
[White "weakandslowchess"]
[Black "RCone"]
[Result "0-1"]
[WhiteElo "2019"]
[BlackElo "2417"]
[TimeControl "180+1"]
[EndTime "14:20:38 PDT"]
[Termination "RCone won by resignation"]

1. e4 g6 2. d4 d6 3. Nf3 Nf6 4. Nc3 Bg7 5. h3 O-O 6. Bc4 Nc6 7. O-O e5 8. dxe5 dxe5 9. Qe2 h6 10. Rd1 Qe7 11. Nd5 Nxd5 12. exd5 Na5 13. Bd3 b6 14. b4 Nb7 15. Rb1 f5 16. c4 Re8 17.
Bc2 a5 18. b5 Nc5 19. Be3 Bd7 20. a4 Rad8 21. Qf1 Kh7 22. Bc1 Bf6 23. Nh2 e4 24.
Be3 Nb7 25. g4 Be5 26. Qg2 Rg8 27. g5 f4 28. Qxe4 Bf5 29. Qf3 Bxc2 30. Bxf4 Bxb1 31. Rxb1 Bxf4 32. Qxf4 Qxg5+ 33. Qxg5 hxg5 34. Ng4 Rgf8 35. Kg2 Rde8 36. Rc1 Nc5 37. Rc3 Rf4 38. Rg3 Rxg4 39. hxg4 Re4 40. Rh3+ Kg7 41. f3 Rxc4 42. Kg3 Rxa4 43.
Rh2 Rf4 44. Re2 Rf7 45. Rc2 Rd7 46. Rc1 Rxd5 47. Re1 Rd7 48. Re5 a4 49. Re3 Kf6 50. Ra3 Rd3 51. Ra1 a3 52. Ra2 Ke5 53. Ra1 Kd4 54.
Kf2 Kc4 55. Ke2 Kb4 56. Rb1+ Ka4 57. Ra1 Kb3 58. Rc1 a2 59. Rh1 Rc3 60. Ra1 Rc2+ 61.
Ke3 Rh2 62. Kd4 Kb2 63. Rxa2+ Kxa2 64. Ke5 Kb3 65. Kf6 Kc4 66. Kxg5 Kxb5 67. f4 Ne4+ 68. Kxg6 Nf2 69. g5 Nd3 70. f5 Rg2 71. f6 Ne5+ 72. Kf5 Nd7 73. g6 Rxg6 74. Kxg6 Nxf6 75. Kxf6 Kc4 76.
Ke5 b5 77. Ke4 b4 78. Ke3 Kc3 79. Ke2 b3 80. Ke3 b2 81. Ke4 b1=Q+ 82. Kd5 Qb6 83. Ke4 Qd6 0-1

[Event "Late-Titled-Tuesday-Blitz-October-24-2023"]
[Site "Chess.com"]
[Date "2023.10.24"]
[Round "2"]
[White "el_sporco"]
[Black "katharinareinecke"]
[Result "1-0"]
[WhiteElo "2407"]
[BlackElo "1883"]
[TimeControl "180+1"]
[EndTime "14:20:48 PDT"]
[Termination "el_sporco won on time"]

1. e4 c6 2. d4 d5 3. Nd2 dxe4 4.
Nxe4 Bf5 5. Ng3 Bg6 6. h4 h6 7. Nf3 e6 8. h5 Bh7 9. Bd3 Bxd3 10. Qxd3 Bd6 11. Bd2 Qc7 12. Ne4 Be7 13. g3 Nf6 14. Bf4 Qa5+ 15. Bd2 Qb6 16. O-O-O Nbd7 17. Bf4 Nxe4 18.
Qxe4 Nf6 19. Qe2 Nd5 20. Bd2 O-O 21. Ne5 Qc7 22. c4 Nb4 23. a3 Na6 24. Rhe1 b5 25.
Ng6 Rfe8 26. Nxe7+ Rxe7 27. Kb1 bxc4 28. Qxc4 Qb7 29.
Bf4 Nc7 30. Bd6 Rb8 31. Rd2 Rd7 32. Bc5 Nd5 33. Rc1 a6 34. Ka2 Qb5 35. Qc2 a5 36. g4 a4 37. Rd3 Nf4 38. Rf3 Ne2 39. g5 Nxc1+ 40. Qxc1 Qe2 41. Rg3 Rb3 42. gxh6 Rxg3 43. fxg3 Qe4 44. Ka1 Qf3 45. Qg5 Qf1+ 46. Ka2 Qc4+ 47.
Kb1 Qf1+ 48. Kc2 Qe2+ 49. Kc3 Qf3+ 50. Kd2 Qf2+ 51. Kd3 Qf3+ 52. Kc2 Qe2+ 53. Qd2 Qxd2+ 54. Kxd2 gxh6 55. Kc3 Kg7 56. Kb4 Kf6 57. Kxa4 Kg5 58. Kb4 Kxh5 59. a4 Kg4 60. a5 Kxg3 61. a6 h5 62. a7 Rxa7 63. Bxa7 h4 64. Kc5 h3 65.
Kxc6 Kg2 66. Bb8 f5 67. b4 Kf3 68. Bh2 Kg2 69. Bf4 Kf3 70. Bh2 Kg2 71. Be5 Kf3 72.
b5 f4 73. b6 h2 74. b7 h1=Q 75. b8=Q Qc1+ 76. Kd7 Qd1 77. Qb3+ Kg2 78. Qxd1 Kh3 79.
Qf3+ Kh2 80. Qxf4+ Kg2 81. Qg4+ Kf2 82. Qg3+ Ke2 83. Qg2+ Ke1 84. Kxe6 Kd1 85. d5 1-0

[Event "Late-Titled-Tuesday-Blitz-October-24-2023"]
[Site "Chess.com"]
[Date "2023.10.24"]
[Round "2"]
[White "TheMagician"]
[Black "karinachess1"]
[Result "0-1"]
[WhiteElo "2175"]
[BlackElo "2646"]
[TimeControl "180+1"]
[EndTime "14:20:49 PDT"]
[Termination "karinachess1 won on time"]

1. d4 Nf6 2. c4 g6 3. Nf3 Bg7 4. g3 O-O 5. Bg2 d6 6. O-O c6 7.
Nc3 Bf5 8. Nh4 Be6 9. d5 cxd5 10. cxd5 Bd7 11. e4 a5 12. h3 Na6 13. Be3 b5 14.
Rc1 b4 15. Ne2 Bb5 16. Re1 Rc8 17. Qd2 Rxc1 18. Rxc1 Bd7 19. Kh2 Qb8 20. Nd4 Nc5 21.
f3 Rc8 22. Bf1 Ne8 23. Ng2 Nc7 24. Ne1 Nb5 25. Nxb5 Bxb5 26. Bg2 Nd7 27. Rxc8+ Qxc8 28. f4 Qc4 29. b3 Qc7 30. Bd4 Bxd4 31. Qxd4 Qc1 32.
Nf3 Qc2 33. Qd2 Qxd2 34. Nxd2 Nc5 35. Kg1 Nd3 36. Bf1 Kf8 37. Be2 Ke8 38. Kf1 Kd7 39. Nf3 Kc7 40. Ng5 f6 41. Nxh7 Kb6 42. Nf8 Nc1 43. Nxg6 Bxe2+ 44. Kf2 Bh5 45. Nxe7 Nxa2 46. g4 Bf7 47. h4 a4 48. h5 axb3 49. h6 b2 50. h7 b1=Q 51. h8=Q Qc2+ 52. Kg3 Qc3+ 53. Kh4 Qc7 54. Qf8 Bg6 55. Qxf6 Bxe4 56. Nf5 Bxf5 57. gxf5 b3 58. Qb2 Qc2 59. Qa3 b2 60. Qxd6+ Kb5 61.
Qd7+ Kc4 62. f6 b1=Q 63. Qc6+ Kd3 64. Qe6 Qh2+ 65. Kg5 Qbg1+ 66. Kf5 Qh3+ 67. Ke5 Qe1+ 68. Kd6 Qhxe6+ 69. dxe6 Nb4 70. f7 Nc6 71. f8=Q Nd4 72.
Qf6 Qe4 73. f5 Qc6+ 74. Ke7 Qc7+ 75. Ke8 Qc8+ 76. Kf7 Nc6 77. e7 Qd7 78. Qe6 Nd8+ 79. Kf8 Nxe6+ 0-1

[Event "Late-Titled-Tuesday-Blitz-October-24-2023"]
[Site "Chess.com"]
[Date "2023.10.24"]
[Round "2"]
[White "randy296"]
[Black "Mikhal867"]
[Result "0-1"]
[WhiteElo "2080"]
[BlackElo "2429"]
[TimeControl "180+1"]
[EndTime "14:20:55 PDT"]
[Termination "Mikhal867 won on time"]

1. e4 g6 2. d4 Bg7 3. Nc3 d6 4. Be3 a6 5. Qd2 b5 6. a3 Bb7 7. f3 Nd7 8. Be2 Nb6 9. h4 h5 10. Nh3 Nf6 11. Nf4 Nfd7 12. O-O e5 13. Nfd5 Nxd5 14.
exd5 Qxh4 15. dxe5 Bxe5 16. f4 Bg7 17. Rf3 O-O-O 18.
f5 gxf5 19. Bg5 Qd4+ 20. Kh1 Qxd2 21. Bxd2 Bxc3 22. Bxc3 Bxd5 23. Rxf5 Ne5 24. Bxe5 dxe5 25. Rxe5 Rhe8 26. Rxe8 Rxe8 27. Bd3 h4 28. Rf1 Rg8 29. Rf2 Kb7 30. Kh2 Kb6 31. b3 c6 32. c4 bxc4 33. bxc4 Be6 34. Rf4 Rg3 35. Be4 Rxa3 36. Rxh4 Bxc4 37. Bxc6 Kxc6 38. Rxc4+ Kd6 39. Rf4 Ke6 40. Kg1 a5 41. Kf2 f6 42. g4 Ke5 43. Rf5+ Ke6 44. Ke2 a4 45. Rf4 Ra2+ 46. Kd3 a3 47. Kc3 Ra1 48. Ra4 Rg1 49. Kd2 Rg3 50. Ke2 Kf7 51. Kf2 Rb3 52. Ra5 Kg6 53. Ke2 Rb2+ 54. Kf3 a2 55. Kg3 Rc2 56. Kh3 Kf7 57. Kg3 Ke6 58. Kf4 Rd2 59. Ke4 Rg2 60. Ra6+ Kf7 61. Kf3 Rd2 62. Kf4 Rb2 63. Ke4 Kg6 64. Kf4 Re2 65.
Ra5 Rf2+ 66. Kg3 Re2 67. Kf4 Rb2 68. Kg3 Kf7 69. Kf4 Ke6 70. Ke4 Kd6 71. Ra6+ Kc5 72.
Ra5+ Kb4 73. Ra8 Kb3 74. Kf5 Rf2+ 75. Kg6 Kb2 76. Rb8+ Kc1 77. Ra8 Kb1 78. Rb8+ Rb2 79. Ra8 Rb6 80. Kf5 a1=Q 81. Rxa1+ Kxa1 0-1